 Dungeon Crawl Stone Soup version 0.29.1-14-g9c671dbff4 (webtiles) character file.

Game seed: 15845171069665599237

5439 fleeber the Carver (level 10, -7/73 (82) HPs)
             Began as a Merfolk Gladiator on Feb 19, 2023.
             Was an Elder of Okawaru.
             Mangled by a spectral orc knight
             ... wielding a +1 war axe
             ... summoned by Nergalle
              (10 damage)
             ... on level 10 of the Dungeon on Feb 20, 2023.
             The game lasted 00:36:38 (9881 turns).

fleeber the Carver (Merfolk Gladiator)              Turns: 9881, Time: 00:36:39

HP:   -7/73 (82)    AC: 11    Str: 15    XL:     10   Next: 68%
MP:   0/10          EV: 18    Int:  4    God:    Okawaru [****..]
Gold: 499           SH:  0    Dex: 20    Spells: 9/9 levels left

rFire   . . .      SeeInvis .   a - +3 long sword
rCold   . . .      Faith    .   (no shield)
rNeg    . . .      Spirit   .   L - +0 acid dragon scales
rPois   +          Reflect  .   l - +0 helmet of Crawling {Slay+2}
rElec   .          Harm     .   (no cloak)
rCorr   +          Rampage  .   j - +3 Mad Mage's Maulers {Infuse+∞ RegenMP Int-3}
Will    +....                   (no boots)
Stlth   +.........              (no amulet)
HPRegen 0.22/turn               c - ring of willpower
MPRegen 0.52/turn               B - ring of poison resistance

@: heavily drained
A: (nimble swimmer 2), mertail
a: Renounce Religion, Heroism, Finesse


You were on level 10 of the Dungeon.
You worshipped Okawaru.
Okawaru was greatly pleased with you.
You visited 1 branch of the dungeon, and saw 10 of its levels.
You also visited: Sewer.

You collected 499 gold pieces.

Inventory:

Hand Weapons
 a - a +3 long sword (weapon)
Missiles
 d - 2 throwing nets (quivered)
 q - 17 poisoned darts
 x - 6 atropa-tipped darts
 K - 4 boomerangs of dispersal
Armour
 j - the +3 Mad Mage's Maulers (worn) {Infuse+∞ RegenMP Int-3}
   (You found it on level 2 of the Dungeon)

   It empowers its wearer's blows with all of their magic.
   It causes its wearer's magical reserves to regenerate more quickly.
   Int:       It affects your intelligence (-3).
 l - the +0 helmet of Crawling (worn) {Slay+2}
   (You found it on level 2 of the Dungeon)

   Slay:      It affects your accuracy & damage with ranged weapons and melee
   (+2).
 L - +0 acid dragon scales (worn)
Jewellery
 c - a ring of willpower (left hand)
 B - a ring of poison resistance (right hand)
 E - a ring of protection from fire
Wands
 o - a wand of digging (1)
 t - a wand of flame (20)
 A - a wand of roots (14)
 G - a wand of mindburst (17)
 I - a wand of polymorph (6)
Scrolls
 b - 2 scrolls of enchant armour
 g - 4 scrolls of teleportation
 h - 6 scrolls of vulnerability
 n - 3 scrolls of amnesia
 p - a scroll of fear
 r - a scroll of immolation
 u - a scroll of blinking
 w - a scroll of magic mapping
 y - 2 scrolls of identify
 H - a scroll of enchant weapon
Potions
 f - 2 potions of brilliance
 i - 4 potions of mutation
 k - a potion of degeneration
 m - 6 potions of curing
 s - 2 potions of heal wounds
 z - a potion of magic
 C - a potion of invisibility {unknown}
 D - a potion of resistance {unknown}
 F - 4 potions of attraction
 J - a potion of flight
Miscellaneous
 v - a lightning rod (1/4)


   Skills:
 + Level 8.8 Fighting
 * Level 13.5 Long Blades
 - Level 2.0 Throwing
 + Level 10.9 Dodging


You had 9 spell levels left.
You didn't know any spells.
Your spell library contained the following spells:

 Spells                   Type           Power      Damage    Failure   Level
 Apportation              Tloc           0%         N/A       63%         1
 Necrotise                Necr           0%         1d4       63%         1
 Slow                     Hex            0%         N/A       63%         1
 Static Discharge         Conj/Air       0%         3-3/arc   77%         2
 Confusing Touch          Hex            0%         N/A       94%         3
 Conjure Flame            Conj/Fire      0%         6-21      94%         3
 Ignite Poison            Fire/Tmut/Pois 0%         N/A       94%         3
 Vampiric Draining        Necr           0%         2d6       94%         3
 Dispel Undead            Necr           0%         3d6       100%        4
 Passage of Golubria      Tloc           0%         N/A       100%        4
 Sticky Flame             Conj/Fire      0%         2d3       100%        4
 Silence                  Hex/Air        0%         N/A       100%        5
 Yara's Violent Unravell  Hex/Tmut       0%         3d3       100%        5
 Lehudib's Crystal Spear  Conj/Erth      0%         10d2      100%        8
 Summon Small Mammal      Summ           Unusable   N/A       N/A         1
 Tukima's Dance           Hex            Unusable   N/A       N/A         3

Dungeon Overview and Level Annotations

Branches:
Dungeon (10/15)            Temple (0/1) D:6           Sewer (visited)
   Lair: D:8-11         Orc: D:9-12

Altars:
Ashenzari
Cheibriados
Elyvilon
Okawaru
Uskayaw
Wu Jian
Xom

Shops:
D:2 (   D:6 (

Annotations:
D:2 Sigmund
D:7 2 runed translucent doors, SirLogeyBear's ghost, novice HOBe
D:10 Nergalle


Innate Abilities, Weirdness & Mutations

((You are very nimble when in or above water. (Stealth+, EV+, Speed+++)))
Your lower body shifts to a powerful aquatic tail in water.


Message History

Orcish apparitions take form around you.
The spectral orc warrior misses you.
The spectral orc knight completely misses you.
The spectral orc knight closely misses you.
The spectral orc hits you with a +0 trident.
You hit Nergalle but do no damage.
Nergalle is almost dead.
Nergalle casts a spell at the spectral orc.
The spectral orc seems to speed up.
You barely miss Nergalle.
Nergalle is almost dead.
The spectral orc completely misses you. The spectral orc warrior misses you.
The spectral orc knight closely misses you.
The spectral orc knight hits you with a +1 war axe!
You feel drained.
You barely miss Nergalle.
Nergalle is almost dead.
The spectral orc hits you with a +0 trident.
Nergalle completely misses you.
The spectral orc warrior closely misses you.
The spectral orc knight hits you with a +0 battleaxe.
The spectral orc knight closely misses you.
The spectral orc barely misses you.
You hit Nergalle.
Nergalle is almost dead.
Nergalle gestures at you while chanting.
The bolt of negative energy hits you!!
You feel drained.
* * * LOW HITPOINT WARNING * * *
The bolt of negative energy hits the spectral orc knight.
The spectral orc knight completely resists.
The bolt of negative energy hits the spectral orc warrior.
The spectral orc warrior completely resists.
The spectral orc barely misses you.
The spectral orc warrior barely misses you.
The spectral orc knight hits you with a +0 battleaxe.
* * * LOW HITPOINT WARNING * * *
You feel drained.
* * * LOW HITPOINT WARNING * * *
The spectral orc knight hits you with a +1 war axe!
You die...

#############
#ZZ.Z.......#
#Z#########.#
####Z#Z.<....#.#
+.Zo@ZZ.>###.#.#
####Z#Z#...#.#.#
#Z#.#.#.#.#.#
#.#.#..<..#.#
#.#.#.#####.#
#(#.........#
#.###.#######
#.# #.# #)#


You could see Nergalle, 2 spectral orcs, 6 spectral orc warriors and 3 spectral
orc knights.

Vanquished Creatures
  Psyche (D:9)
  A troll (D:9)
  Prince Ribbit (D:8)
  A hornet (D:9)
  A wyvern (D:9)
  Eustachio (D:4)
  5 yaks (D:8)
  3 water moccasins
  An acid dragon (D:7)
  2 black bears
  2 ice beasts
  A sky beast (D:6)
  An ogre (D:5)
  A centaur (D:7)
  4 phantoms (D:4)
  A kobold brigand (D:3)
  8 bullfrogs
  A necrophage (D:7)
  A scorpion (D:6)
  9 wights
  2 howler monkeys
  A hound (D:4)
  2 orc priests (D:5)
  3 jellies
  3 gnoll boudas
  Jessica (D:2)
  6 orc wizards
  An iguana (D:4)
  22 gnolls
  11 adders
  A river rat (D:4)
  2 shadow imps
  An ufetubus (D:5)
  2 worms
  3 dart slugs
  23 orcs
  12 bats
  7 endoplasms
  16 giant cockroaches
  3 goblins
  11 hobgoblins
  6 jackals
  8 quokkas
  13 ball pythons
  8 frilled lizards
  17 kobolds
  8 rats
239 creatures vanquished.

Vanquished Creatures (others)
  5 plants (D:4)
5 creatures vanquished.

Grand Total: 244 creatures vanquished

Notes
Turn   | Place    | Note
-------+----------+-------------------------------------------
     0 | D:1      | fleeber the Merfolk Gladiator began the quest for the Orb.
     0 | D:1      | Reached XP level 1. HP: 16/16 MP: 1/1
   191 | D:1      | Reached XP level 2. HP: 23/23 MP: 2/2
   211 | D:1      | Reached skill level 4 in Long Blades
   450 | D:1      | Reached XP level 3. HP: 28/28 MP: 3/3
   979 | D:2      | Found the +3 Mad Mage's Maulers {Infuse+∞ RegenMP Int-3}
  1048 | D:2      | Noticed Jessica
  1052 | D:2      | Killed Jessica
  1053 | D:2      | Reached skill level 5 in Long Blades
  1053 | D:2      | Reached XP level 4. HP: 30/35 MP: 1/4
  1206 | D:2      | Identified the +0 helmet of Crawling {Slay+2}
  1485 | D:2      | Reached skill level 5 in Dodging
  1543 | D:2      | Found Xuypheix's Weapon Shoppe.
  1543 | D:2      | Noticed Sigmund
  1561 | D:2      | Reached XP level 5. HP: 41/41 MP: 1/5
  2158 | D:3      | Found a faded altar of an unknown god.
  2396 | D:3      | Found an iron altar of Okawaru.
  2407 | D:3      | Became a worshipper of Warmaster Okawaru
  2747 | D:3      | Noticed a kobold brigand
  2757 | D:3      | Killed a kobold brigand
  2758 | D:3      | Reached skill level 6 in Long Blades
  2758 | D:3      | Reached XP level 6. HP: 48/48 MP: 0/6
  2987 | D:4      | Reached skill level 7 in Long Blades
  2987 | D:4      | Reached XP level 7. HP: 34/55 MP: 1/7
  2990 | D:4      | Reached * piety under Okawaru
  3252 | D:4      | Noticed Eustachio
  3295 | D:4      | Killed Eustachio
  3296 | D:4      | Reached skill level 5 in Fighting
  3296 | D:4      | Reached skill level 8 in Long Blades
  3457 | D:4      | Reached ** piety under Okawaru
  3469 | D:4      | Reached XP level 8. HP: 62/62 MP: 0/8
  3472 | D:4      | Found a glowing drain.
  3479 | Sewer    | Entered a sewer
  3942 | D:4      | Found a hide-covered altar of Uskayaw.
  3942 | D:4      | Found a white marble altar of Elyvilon.
  4453 | D:5      | Entered Level 5 of the Dungeon
  4543 | D:5      | Reached skill level 9 in Long Blades
  4657 | D:5      | Found a snail-covered altar of Cheibriados.
  4915 | D:5      | Found a broken altar of Ashenzari.
  5522 | D:5      | Found a shimmering altar of Xom.
  5658 | D:5      | Reached skill level 10 in Long Blades
  5683 | D:5      | Reached XP level 9. HP: 51/71 MP: 1/9
  6061 | D:6      | Reached *** piety under Okawaru
  6091 | D:6      | Found Kyrghaux's Weapon Shoppe.
  6159 | D:6      | Found a staircase to the Ecumenical Temple.
  6398 | D:6      | You fall into a shaft and drop 2 floors!
  6404 | D:8      | Noticed Prince Ribbit
  6425 | D:8      | Killed Prince Ribbit
  6426 | D:8      | Reached skill level 11 in Long Blades
  6530 | D:7      | Identified the +9 quarterstaff of Blue Integrity {vorpal,
                  | rF+ Dex+4 SInv}
  7356 | D:7      | Reached **** piety under Okawaru
  7499 | D:6      | Reached skill level 12 in Long Blades
  7959 | D:7      | Reached XP level 10. HP: 80/80 MP: 0/10
  8051 | D:7      | Reached skill level 10 in Dodging
  8151 | D:7      | Found an ornate altar of the Wu Jian Council.
  8235 | D:7      | Noticed SirLogeyBear's ghost (novice HOBe)
  8236 | D:7      | Found a large runed translucent door.
  8237 | D:7      | Found a large runed translucent door.
  8825 | D:8      | Reached skill level 13 in Long Blades
  9290 | D:9      | Noticed Psyche
  9295 | D:9      | Killed Psyche
  9295 | D:9      | Received a gift from Okawaru
  9438 | D:9      | Identified the +5 plate armour "Tacseas" {SInv}
  9817 | D:10     | Entered Level 10 of the Dungeon
  9857 | D:10     | Noticed Nergalle
  9881 | D:10     | HP: 3/73 [spectral orc knight/+0 battleaxe[Nergalle] (1)]
  9881 | D:10     | Mangled by a spectral orc knight

Illustrated notes

Levels and vault maps discovered:
D:1:      dpeg_arrival_shelter, layout_rooms
D:2:      layout_basic, serial_shops, nicolae_shop_bloodbath_and_beyond,
          uniq_sigmund, uniq_jessica
D:3:      cheibrodos_thug_alley, layout_rooms, old_standard_altar,
          hellmonk_ecumenical_altar_blasted, chequers_decorated_corner,
          minmay_misc_feat_rugged
D:4:      layout_cave_pools, gammafunk_temple_overflow_pools,
          gup_sewer_entry_bubbles, serial_bayou, serial_bayou_pond_a,
          serial_bayou_crossing, serial_bayou_lake_a, serial_bayou_shore_a,
          serial_bayou_shore_b, serial_bayou_lagoon_b, bh_walls_and_bars,
          uniq_eustachio
D:5:      layout_cave_pools, amcnicky_altar_gilded, tgw_xom, chei_slow_surprise,
          chequers_serial_rivers_micro_c, nicolae_elevator_lobby_plus
D:6:      layout_loops_ring, temple_doors_e, serial_shops,
          nicolae_shop_statue_plus
D:7:      layout_rooms, nicolae_wu_jian_immortal_techniques,
          ebering_ghost_disaster_area
D:8:      layout_basic, uniq_prince_ribbit1
D:9:      layout_cave_pools, uniq_psyche
D:10:     layout_basic, david_orc_1_choice, lemuel_flamethrower_2, uniq_nergalle

Skill      XL: |  1  2  3  4  5  6  7  8  9 10 |
---------------+-------------------------------+-----
Long Blades    | 4 5 6 7 8 10 12 13 | 13.5
Fighting       | 3 4 5 6 7 8 |  8.8
Dodging        | 5 6 8 9 10 | 10.9
Throwing       | |  2.0

Action                   |  1- 3 |  4- 6 |  7- 9 | 10-12 || total
-------------------------+-------+-------+-------+-------++-------
Melee: Long sword        |    88 |   135 |   287 |    94 ||   604
       Punch             |       |     2 |     7 |     2 ||    11
       Tailslap          |       |       |     5 |       ||     5
Throw: Javelin           |     1 |     2 |     1 |     1 ||     5
       Dart              |       |     2 |     7 |     3 ||    12
       Throwing net      |       |     1 |       |       ||     1
Evoke: Wand              |       |       |     6 |     7 ||    13
       Lightning rod     |       |       |       |     3 ||     3
  Use: Scroll            |       |    10 |     3 |     6 ||    19
       Potion            |       |       |       |     1 ||     1
 Stab: Sleeping          |     1 |     2 |     6 |     1 ||    10
       Distracted        |       |     2 |       |       ||     2
Armor: Leather armour    |    21 |    47 |    83 |       ||   151
       Acid dragon scale |       |       |       |    15 ||    15
Dodge: Dodged            |    69 |    95 |   212 |    70 ||   446
